 Dungeon Crawl Stone Soup version 0.27.1-2-g3b301248ec (webtiles) character file.

Game seed: 4922044854945988424

927 ABBCCCDDDD the Skirmisher (level 8, 0/58 HPs)
             Began as an Octopode Abyssal Knight on Sept 27, 2021.
             Was a Believer of Lugonu.
             Slain by a gnoll (5 damage)
             ... on level 5 of the Dungeon.
             The game lasted 00:05:25 (6457 turns).

ABBCCCDDDD the Skirmisher (Octopode Abyssal Knight) Turns: 6457, Time: 00:05:27

Health: 0/58       AC:  1    Str: 11    XL:     8   Next: 10%
Magic:  18/18      EV: 13    Int: 16    God:    Lugonu [**....]
Gold:   96         SH:  0    Dex: 12    Spells: 7/7 levels left

rFire    . . .     SeeInvis .   n - +0 mace (protect)
rCold    . . .     Faith    .   (no shield)
rNeg     . . .     Spirit   .   (helmet restricted)
rPois    .         Reflect  .   (no amulet)
rElec    .         Harm     .   m - ring of magical power
rCorr    .         Rampage  .   l - ring of flight
Will     .....                  (no ring)
Stlth    ++........             (no ring)
HPRegen  0.19/turn              (no ring)
MPRegen  0.16/turn              (no ring)
                                (no ring)
                                (no ring)

@: confused, ambrosia-drunk, flying
A: almost no armour, amphibious, 8 rings, camouflage 1, gelatinous body 1,
(nimble swimmer 1), tentacles
a: Renounce Religion, Depart the Abyss, Bend Space


You were on level 5 of the Dungeon.
You worshipped Lugonu.
Lugonu was pleased with you.
You visited 1 branch of the dungeon, and saw 5 of its levels.
You visited the Abyss 1 time.

You collected 201 gold pieces.
You spent 105 gold pieces at shops.

Inventory:

Hand Weapons
 a - a +1 falchion
 n - a +0 mace of protection (weapon)
Missiles
 p - 12 poisoned darts
 x - 2 throwing nets
Jewellery
 l - a ring of flight (right tentacle)
 m - a ring of magical power (left tentacle)
Wands
 q - a wand of iceblast (4)
 r - a wand of polymorph (2)
Scrolls
 b - a scroll of vulnerability
 c - a scroll of fog
 d - a scroll of summoning
 f - 2 scrolls of immolation
 g - 2 scrolls of amnesia
 j - a scroll of fear
 k - a scroll of noise
 w - a scroll of enchant weapon
Potions
 h - a potion of heal wounds {unknown}
 i - 3 potions of curing {unknown}
 o - a potion of degeneration {unknown}
 s - a potion of berserk rage {unknown}
 t - a potion of attraction {unknown}
 u - a potion of haste {unknown}
 v - a potion of brilliance {unknown}


   Skills:
 + Level 6.6 Fighting
 - Level 4.1 Long Blades
 + Level 4.1 Maces & Flails
 - Level 2.3 Dodging
 - Level 5.0 Stealth
 - Level 2.0 Invocations


You had 7 spell levels left.
You didn't know any spells.
Your spell library contained the following spells:

 Spells                   Type           Power      Damage    Failure   Level
 Static Discharge         Conj/Air       0%         N/A       36%         2
 Gell's Gravitas          Tloc           0%         N/A       58%         3
 Teleport Other           Tloc           0%         N/A       58%         3
 Dispel Undead            Necr           0%         3d6       94%         4
 Sticky Flame             Conj/Fire      0%         2d3       94%         4
 Dispersal                Tloc           0%         N/A       100%        6


Dungeon Overview and Level Annotations

Branches:
Dungeon (5/15)             Temple (0/1) D:4

Altars:
Dithmenos
Gozag
Makhleb

Shops:
D:2 ?   D:3 (((

Annotations:
D:2 1 runed translucent door, Crazy Yiuf
D:5 Blork the orc


Innate Abilities, Weirdness & Mutations

You cannot wear most types of armour.
You are amphibious.
You can wear up to eight rings at the same time.
Your skin changes colour to match your surroundings (Stealth+).
Your rubbery body absorbs attacks. (AC +1, EV +1)
((You are camouflaged near water. (Stealth+)))
You have tentacles for arms and can constrict up to eight enemies at once.


Message History

The gnoll hits you from afar with a +0 halberd.
The gnoll shaman utters an invocation to its god.
The gnoll shaman is healed somewhat.
You hit the gnoll shaman. You squeeze the gnoll shaman.
The gnoll shaman is heavily wounded.
You constrict the gnoll shaman. The gnoll completely misses you.
The gnoll shaman hits you with a +0 whip.
You are too injured to fight recklessly!
You are too injured to fight recklessly!
You hit the gnoll shaman.
The gnoll shaman is severely wounded.
You constrict the gnoll shaman, but do no damage.
The gnoll hits you but does no damage.
The gnoll shaman hits you with a +0 whip!
You hit the gnoll shaman but do no damage.
The gnoll shaman is severely wounded.
You constrict the gnoll shaman, but do no damage.
The gnoll hits you from afar with a +0 halberd.
* * * LOW HITPOINT WARNING * * *
The gnoll shaman closely misses you. The gnoll barely misses you.
You hit the gnoll shaman.
The gnoll shaman is almost dead.
You constrict the gnoll shaman.
You kill the gnoll shaman!
Lugonu accepts your kill.
The gnoll hits you from afar with a +0 halberd!
* * * LOW HITPOINT WARNING * * *
The gnoll barely misses you.
You completely miss the gnoll. Your grab misses the gnoll.
The gnoll barely misses you. The gnoll hits you but does no damage.
You are confused.
You feel invigorated. The gnoll hits you with a +0 whip.
* * * LOW HITPOINT WARNING * * *
The gnoll barely misses you. The gnoll hits you with a +0 whip.
* * * LOW HITPOINT WARNING * * *
The gnoll hits you with a +0 whip.
* * * LOW HITPOINT WARNING * * *
The gnoll misses you. The gnoll hits you with a +0 whip.
You die...

######.#
##...##
#.)....#
##+#
#.######
#.# # #.#
##.# # #.#
####..#...#
#.#
#$g).......
#.#
#g##.#....#
#.####@##.#
.$.
#.........#
#
######.####
#.# #..
####


You could see 2 gnolls.

Levels and vault maps discovered:
D:1:      scummos_arrival_simple_crosswalls, layout_loops_ring,
          kennysheep_small_spiral
D:2:      layout_basic, serial_shops, shop_coins, roderic_roman_lattice,
          st_stairs_2, uniq_crazy_yiuf_cottage
D:3:      layout_loops_ring, lightli_temple_of_fire, serial_shops,
          nicolae_shop_waterfront, shop, shop, ebering_ecumenical_altar_webs,
          uniq_natasha
D:4:      layout_loops_ring, mainiacjoe_overflow_boulevard,
          mainiacjoe_overflow_catwalk, minmay_temple_entry_hall,
          kennysheep_generic_room_12
D:5:      layout_loops_corners, tgw_trog, uniq_blork_the_orc

Notes
Turn   | Place    | Note
-------+----------+-------------------------------------------
     0 | Abyss:1  | ABBCCCDDDD the Octopode Abyssal Knight began the quest for
                  | the Orb.
     0 | Abyss:1  | Reached XP level 1. HP: 16/16 MP: 2/2
    85 | Abyss:1  | Noticed a small abomination
    90 | Abyss:1  | Noticed an ancient zyme
   117 | Abyss:1  | Noticed a large abomination
   120 | D:1      | Escaped the Abyss
   505 | D:1      | Reached XP level 2. HP: 21/21 MP: 3/3
   518 | D:1      | Reached * piety under Lugonu
   772 | D:1      | Reached XP level 3. HP: 26/26 MP: 4/4
  1403 | D:2      | Reached skill level 4 in Fighting
  1403 | D:2      | Reached XP level 4. HP: 33/33 MP: 5/5
  1579 | D:2      | Found Gaotwa's Magic Scroll Boutique.
  1602 | D:2      | Bought a scroll of fear for 35 gold pieces
  1602 | D:2      | Bought a scroll of identify for 20 gold pieces
  1602 | D:2      | Bought a scroll of noise for 10 gold pieces
  1944 | D:2      | Bought a scroll of identify for 20 gold pieces
  2022 | D:2      | Bought a scroll of identify for 20 gold pieces
  2045 | D:2      | Reached ** piety under Lugonu
  2695 | D:2      | Found a runed translucent door.
  2696 | D:2      | Noticed Crazy Yiuf
  2723 | D:2      | Reached XP level 5. HP: 34/38 MP: 6/6
  3636 | D:3      | Found Gid Resm's Antique Weapon Shoppe.
  3662 | D:3      | Noticed Natasha
  3673 | D:3      | Killed Natasha
  3674 | D:3      | Reached skill level 1 in Stealth
  3770 | D:3      | Found Nehuk's Antique Weapon Boutique.
  3944 | D:3      | Found a faded altar of an unknown god.
  4117 | D:3      | Noticed Natasha
  4122 | D:3      | Killed Natasha
  4123 | D:3      | Reached skill level 1 in Maces & Flails
  4123 | D:3      | Reached XP level 6. HP: 45/45 MP: 7/7
  4162 | D:3      | Found Fuehuloy's Weapon Boutique.
  4178 | D:3      | Found a burning altar of Makhleb.
  4258 | D:3      | Noticed Natasha
  4272 | D:3      | Killed Natasha
  4273 | D:3      | Reached skill level 5 in Fighting
  4774 | D:4      | Found a shadowy altar of Dithmenos.
  4842 | D:4      | Reached XP level 7. HP: 31/50 MP: 8/8
  5250 | D:4      | Found a staircase to the Ecumenical Temple.
  5451 | D:4      | Found an opulent altar of Gozag.
  5776 | D:4      | Reached skill level 6 in Fighting
  5776 | D:4      | Reached skill level 5 in Stealth
  5923 | D:5      | Entered Level 5 of the Dungeon
  5923 | D:5      | Noticed Blork the orc
  6362 | D:5      | Reached XP level 8. HP: 47/58 MP: 9/9
  6456 | D:5      | HP: 2/58 [gnoll (5)]
  6457 | D:5      | Slain by a gnoll

Table legend: (Time is in decaauts)
 A = Elapsed time spent in this place.
 B = Non-inter-level travel time spent in this place.
 C = Inter-level travel time spent in this place.
 D = Time resting spent in this place.
 E = Time spent auto-exploring this place.
 F = Levels seen in this place.
 G = Mean time per level.
                   A        B        C        D        E       F      G
               +--------+--------+--------+--------+--------+-----+--------+
         Total |   6511 |   6261 |    250 |   1989 |   3470 |   6 | 1085.2 |
       Dungeon |   6391 |   6141 |    250 |   1989 |   3387 |   5 | 1278.2 |
         Abyss |    120 |    120 |      0 |      0 |     83 |   1 |  120.0 |
               +--------+--------+--------+--------+--------+-----+--------+

Top non-repeatable levels by time:
     D:2: 2121 daAuts
     D:4: 1708 daAuts
     D:1: 1051 daAuts
     D:3: 1011 daAuts
     D:5: 498 daAuts
 Abyss:1: 120 daAuts

Table legend:
 A = Kills in this place as a percentage of kills in entire the game.
 B = Kills by you in this place as a percentage of kills by you in the entire game.
 C = Kills by friends in this place as a percentage of kills by friends in the entire game.
 D = Other kills in this place as a percentage of other kills in the entire game.
 E = Experience gained in this place as a percentage of experience gained in the entire game.
 F = Experience gained in this place divided by the number of levels of this place that you have seen.
                   A       B       C       D       E      F
               +-------+-------+-------+-------+-------+----------------------
         Total | 100.0 | 100.0 |   N/A |   N/A | 100.0 | 220.8
       Dungeon | 100.0 | 100.0 |   N/A |   N/A | 100.0 | 265.0
               +-------+-------+-------+-------+-------+----------------------

Action                   |  1- 3 |  4- 6 |  7- 9 || total
-------------------------+-------+-------+-------++-------
Melee: Falchion          |    42 |    63 |       ||   105
       Constrict         |    13 |    31 |    12 ||    56
       Tentacles         |    12 |    23 |    14 ||    49
       Mace              |       |    78 |    65 ||   143
       Unarmed           |       |     2 |       ||     2
Invok: Depart the Abyss  |     1 |       |       ||     1
  Use: Scroll            |       |     5 |     2 ||     7
       Potion            |       |       |     1 ||     1
 Stab: Sleeping          |     6 |    13 |     4 ||    23
Armor: Skin              |     9 |    28 |    19 ||    56
Dodge: Dodged            |    32 |    62 |    53 ||   147
       Rpst.: Falchion   |     9 |    11 |       ||    20

Vanquished Creatures
  An ice beast (D:4)
  A black bear (D:4)
  A centaur (D:5)
  A scorpion (D:4)
  A water moccasin skeleton (D:5)
  A gnoll shaman (D:5)
  2 hounds (D:4)
  2 jellies (D:4)
  An orc priest (D:3)
  An orc wizard (D:4)
  Natasha (thrice) (D:3)
  2 hound skeletons
  10 gnolls
  7 adders
  2 worms
  A dart slug (D:2)
  8 orcs
  12 endoplasms
  7 giant cockroaches
  5 goblins
  6 hobgoblins
  6 jackals (D:2)
  A quokka (D:3)
  5 ball pythons
  5 bats
  9 kobolds
  4 rats
105 creatures vanquished.
